 Dungeon Crawl Stone Soup version 0.31-a0-844-gdc52ec4e09 (webtiles) character file.

Game seed: 5612937562572047606

475 lunkers the Grappler (level 7, -2/52 HPs)
             Began as a Meteoran Shapeshifter on Sept 29, 2023.
             Slain by an orc
             ... wielding a +0 club
              (3 damage)
             ... on level 5 of the Dungeon.
             The game lasted 00:05:41 (1398 turns).

lunkers the Grappler (Meteoran Shapeshifter)        Turns: 1398, Time: 00:05:41

Health: -2/52      AC:  4    Str: 16    XL:     7   Next: 58%
Magic:  8/8        EV: 12    Int: 12    God:
Gold:   120        SH:  0    Dex: 18    Spells: 6/6 levels left

rFire   . .          .
                       - Unarmed
rCold   . . .        (no shield)
rNeg    . . .        k - +1 leather armour "Ygus" {Dex+3 Stlth+}
rPois   .            (helmet currently unavailable)
rElec   .            (cloak currently unavailable)
rCorr   .            (gloves currently unavailable)
SInv    .            (boots currently unavailable)
Will    .....        (no amulet)
Stlth   +            (no ring)
HPRegen 0.28/turn    (no ring)
MPRegen 0.11/turn

%: no passive effects
@: beast-form, glowing
A: beast (slay +3), sense surroundings 1, otherworldly, glowing, explore regen
a: Begin Untransformation


You were on level 5 of the Dungeon.
You were a hulking beast.
You visited 1 branch of the dungeon, and saw 5 of its levels.

You collected 120 gold pieces.

Inventory:

Armour
 a - a +0 animal skin
 g - a +0 ring mail
 k - the +1 leather armour "Ygus" (worn) {Dex+3 Stlth+}
   (You found it on level 2 of the Dungeon)

   Dex+3:     It affects your dexterity (+3).
   Stlth+:    It makes you more stealthy.
Talismans
 c - a beast talisman (active)
 d - a flux talisman
Scrolls
 j - a scroll of amnesia
 o - a scroll of enchant armour {unknown}
Potions
 b - a potion of resistance
 e - a potion of mutation
 f - 2 potions of heal wounds
 h - a potion of curing
 i - 2 potions of attraction
 l - a potion of ambrosia {unknown}
 m - 2 potions of brilliance
 n - a potion of might {unknown}


   Skills:
 - Level 1.1 Fighting
 - Level 2.1 Dodging
 * Level 8.0 Unarmed Combat
 + Level 5.8 Shapeshifting


You had 6 spell levels left.
You didn't know any spells.
Your spell library contained the following spells:

 Spells                   Type           Power      Damage    Failure   Level
 Freeze                   Ice            0%         1d3       38%         1
 Frozen Ramparts          Ice            0%         1d1       77%         3
 Hailstorm                Conj/Ice       0%         3d3       77%         3


Dungeon Overview and Level Annotations

Branches:
Dungeon (5/15) Zot: 1624
 Temple: D:4-7

Altars:
Cheibriados
Yredelemnul


Innate Abilities, Weirdness & Mutations

You are a hulking beast.
Your limbs bulge with bestial killing power. (Slay +3)
You passively map a small area around you.
You are easily found by Zot.
You glow in the dark.
You regain HP and MP as you explore.


Message History

You punch the orc!
You kill the orc!
You feel sick.
You hit the orc.
The orc is almost dead.
You feel sick.
You are no longer poisoned.
The orc hits you with a +0 hand axe.
* * * LOW HITPOINT WARNING * * *
You hit the orc.
You kill the orc!
The orc hits you with a +0 club.
* * * LOW HITPOINT WARNING * * *
You hit the orc.
The orc is heavily wounded.
The orc closely misses you.
You barely miss the orc.
The orc is heavily wounded.
The orc hits you with a +0 club.
* * * LOW HITPOINT WARNING * * *
The orc hits you with a +0 whip.
* * * LOW HITPOINT WARNING * * *
You hit the orc.
The orc is heavily wounded.
The orc closely misses you. The orc hits you with a +0 whip.
* * * LOW HITPOINT WARNING * * *
You punch the orc!
You kill the orc!
The orc barely misses you.
Your Unarmed Combat skill increases to level 8!
You closely miss the orc.
The orc is heavily wounded.
The orc hits you with a +0 club.
* * * LOW HITPOINT WARNING * * *
You hit the orc.
The orc is almost dead.
You closely miss the orc.
The orc is almost dead.
The orc hits you with a +0 club.
You die...

##..# ...## * , #...#
####### .#..# #.#.#
#.....# ##.... , #.#.#
#.....# #...# *
#.#.#####.....###..#
#.#........#..##...######
,
#.#......................
#.#........#####........#
#.#.######## *
#h...###..* , * ,#.#*
#.o).#.# *. #.# ,*
#..###.# #.# #... *.# *
,..# , , ,.....** .#* , ,
, * * #...#. , , ......#
, ...... * * * * ,


You could see an orc.

Vanquished Creatures
  3 scorpions
  4 hounds
  Terence (D:3)
  2 orc wizards (D:5)
  2 adders
  A shadow imp (D:4)
  2 ufetubi
  A dart slug (D:3)
  11 orcs
  5 ball pythons
  3 bats
  4 endoplasms
  3 giant cockroaches
  4 goblins
  2 hobgoblins
  5 jackals
  5 kobolds
  2 quokkas
  2 frilled lizards (D:2)
  A rat (D:1)
63 creatures vanquished.

Notes
Turn   | Place    | Note
-------+----------+-------------------------------------------
     0 | D:1      | lunkers the Meteoran Shapeshifter began the quest for the
                  | Orb.
     0 | D:1      | Reached XP level 1. HP: 16/16 MP: 2/2
   144 | D:1      | Reached XP level 2. HP: 23/23 MP: 3/3
   151 | D:1      | Reached skill level 4 in Unarmed Combat
   341 | D:2      | Reached XP level 3. HP: 21/28 MP: 4/4
   478 | D:2      | Identified the +1 leather armour "Ygus" {Dex+3 Stlth+}
   564 | D:3      | Noticed a scorpion
   571 | D:3      | Killed a scorpion
   572 | D:3      | Reached skill level 5 in Unarmed Combat
   572 | D:3      | Reached XP level 4. HP: 35/35 MP: 5/5
   626 | D:3      | Reached XP level 5. HP: 40/40 MP: 6/6
   752 | D:3      | Noticed Terence
   771 | D:3      | Killed Terence
   856 | D:4      | Reached skill level 6 in Unarmed Combat
   866 | D:4      | Reached XP level 6. HP: 22/47 MP: 7/7
   891 | D:4      | Reached skill level 5 in Shapeshifting
   993 | D:4      | Found a snail-covered altar of Cheibriados.
  1027 | D:4      | Found a basalt altar of Yredelemnul.
  1273 | D:5      | Entered Level 5 of the Dungeon
  1292 | D:5      | Reached skill level 7 in Unarmed Combat
  1306 | D:5      | Reached XP level 7. HP: 37/52 MP: 8/8
  1396 | D:5      | Reached skill level 8 in Unarmed Combat
  1396 | D:5      | HP: 1/52 [orc/+0 club (4)]
  1398 | D:5      | Slain by an orc

Illustrated notes

Levels and vault maps discovered:
D:1:      spicycebolla_arrival_clurvy, layout_basic, minmay_pentomino_x4
D:2:      layout_loops_cross, serial_shops, nicolae_book_shop_shelving
D:3:      layout_basic, uniq_crazy_yiuf_cottage, uniq_terence
D:4:      layout_loops_cross, mainiacjoe_overflow_two_lobes, minmay_fountain_box
D:5:      layout_rooms

Skill      XL: |  1  2  3  4  5  6  7 |
---------------+----------------------+-----
Unarmed Combat | 4 5 6 7 8 |  8.0
Shapeshifting  | 4 5 |  5.8
Fighting       | |  1.1
Dodging        | |  2.1

Action                     |  1- 3 |  4- 6 |  7- 9 || total
---------------------------+-------+-------+-------++-------
  Melee: Unarmed           |    57 |   108 |    36 ||   201
         Punch             |     1 |     6 |     1 ||     8
    Use: Scroll            |     1 |     8 |       ||     9
         Potion            |     1 |       |       ||     1
   Stab: Distracted        |       |     1 |       ||     1
 Armour: Animal skin       |     7 |       |       ||     7
         Ring mail         |    21 |    27 |       ||    48
         Skin              |     3 |       |       ||     3
         Leather armour    |       |    44 |    23 ||    67
  Dodge: Dodged            |    29 |    70 |    19 ||   118

Table legend: (Time is in decaauts)
 A = Elapsed time spent in this place.
 B = Non-inter-level travel time spent in this place.
 C = Inter-level travel time spent in this place.
 D = Time resting spent in this place.
 E = Time spent auto-exploring this place.
 F = Levels seen in this place.
 G = Mean time per level.
                   A        B        C        D        E       F      G
               +--------+--------+--------+--------+--------+-----+--------+
         Total |   1375 |   1341 |     34 |     16 |    826 |   5 |  275.0 |
       Dungeon |   1375 |   1341 |     34 |     16 |    826 |   5 |  275.0 |
               +--------+--------+--------+--------+--------+-----+--------+

Top non-repeatable levels by time:
     D:4: 412 daAuts
     D:2: 350 daAuts
     D:3: 317 daAuts
     D:1: 176 daAuts
     D:5: 117 daAuts
